 Dungeon Crawl Stone Soup version 0.28-a0-1435-g82390b3a13 (webtiles) character file.

Game seed: 13651506530974029348

14 KyoPewz the Digger (level 2, -1/16 HPs)
             Began as a Gargoyle Earth Elementalist on Jan 9, 2022.
             Hit by a stone thrown by a goblin (2 damage)
             ... on level 1 of the Dungeon.
             The game lasted 00:03:13 (463 turns).

KyoPewz the Digger (Gargoyle Earth Elementalist)     Turns: 463, Time: 00:03:13

Health: -1/16      AC:  4    Str: 11    XL:     2   Next: 41%
Magic:  4/5        EV: 11    Int: 15    God:
Gold:   39         SH:  0    Dex: 10    Spells: 4/5 levels left

rFire   . . .      SeeInvis .   f - +0 dagger {short}
rCold   . . .      Faith    .   (no shield)
rNeg    + . .      Spirit   .   b - +0 robe rPois โˆž Reflect .
                                (no helmet)
rElec   +          Harm     .   (no cloak)
rCorr   .          Rampage  .   (no gloves)
Will    .....                   (no boots)
Stlth   ++........              (no amulet)
HPRegen 0.05/turn               (no ring)
MPRegen 0.09/turn               (no ring)

@: no status effects
A: sickness immunity, AC +2, negative energy resistance 1, electricity
resistance, torment resistance 1, petrification resistance
a: no special abilities


You were on level 1 of the Dungeon.
You visited 1 branch of the dungeon, and saw 1 of its levels.

You collected 39 gold pieces.


Innate Abilities, Weirdness & Mutations

You are immune to sickness and miasma.
Your stone body is resilient. (AC +2)
You are immune to poison.
You resist negative energy. (rN+)
You are resistant to electric shocks. (rElec)
You are resistant to unholy torment.
You are immune to petrification.


   Skills:
 + Level 0.9 Fighting
 - Level 1.5 Dodging
 - Level 2.1 Stealth
 + Level 2.2 Spellcasting
 + Level 1.1 Transmutations
 + Level 3.8 Earth Magic


You had 4 spell levels left.
You knew the following spells:

 Your Spells              Type           Power      Damage    Failure   Level
a - Sandblast             Erth           26%        2d8       4%          1

Your spell library contained the following spells:

 Spells                   Type           Power      Damage    Failure   Level
 Passwall                 Tmut/Erth      7%         N/A       12%         2
 Stone Arrow              Conj/Erth      14%        3d7       30%         3
 Petrify                  Tmut/Erth      9%         N/A       61%         4

Inventory:

Hand Weapons
 f - a +0 dagger (weapon) {short}
   (You took it off a goblin on level 1 of the Dungeon)
Missiles
 a - 16 bolts
 c - 35 stones {throwing}
Armour
 b - a +0 robe (worn)
Scrolls
 d - a scroll of acquirement {unknown}
 e - 2 scrolls of teleportation {unknown}

Dungeon Overview and Level Annotations

Branches:
Dungeon (1/15)

Altars:

..... #.# ....############ #.#
.#.............. #.##########
.....###....##########.#.........
.................................
...#.###....##########.#..รท......
...#.###....# #....#.........
)..#..#############.####.########
............รท...@....g..>#
.###...g###########.##.#.###### .
#....# #.....#......# .
#....################......# .
###.)........g.#...........#
#.........###............#
#........#...............#
#.....#.#................#
..........#..........^......#


You could see a goblin.


Message History

You barely miss the goblin. The goblin hits you with a +0 dagger.
* * * LOW HITPOINT WARNING * * *
Your magical contamination has completely faded away. ๐Ÿ˜จ HP[-2]
You take 2 damage, and now have 5/16 hp.
Unknown command.
You hit the goblin. The goblin hits you but does no damage.
You closely miss the goblin. The goblin hits you with a +0 dagger.
* * * LOW HITPOINT WARNING * * *
๐Ÿ˜ฑ HP[-2]
You take 2 damage, and now have 3/16 hp. ๐Ÿ˜ฑ MP[+1]
The goblin throws a stone.
The stone hits you.
* * * LOW HITPOINT WARNING * * *
๐Ÿ˜ฑ HP[-1]
You take 1 damage, and now have 2/16 hp. ๐Ÿ˜ฑ HP[+1]
The goblin throws a stone.
The stone closely misses you. ๐Ÿ˜ฑ MP[+1]
The goblin throws a stone.
The stone barely misses you.
The goblin throws a stone.
The stone hits you but does no damage.
You see here a frilled lizard skeleton.
A goblin comes into view. It is wielding a +0 club.
The goblin closely misses you. ๐Ÿ˜ฑ MP[+1]
You closely miss the goblin. The goblin hits you but does no damage.
You closely miss the goblin. The goblin closely misses you.
You barely miss the goblin.
The goblin hits you but does no damage. ๐Ÿ˜ฑ HP[+1]
You hit the goblin. The goblin barely misses you.
You hit the goblin.
You kill the goblin!
The goblin throws a stone.
The stone hits you.
* * * LOW HITPOINT WARNING * * *
๐Ÿ˜ฑ HP[-1]
You take 1 damage, and now have 3/16 hp.
Unknown command.
The goblin throws a stone.
The stone closely misses you. ๐Ÿ˜ฑ MP[+1]
Casting: Sandblast (safe; 4% risk of failure)
Confirm with . or Enter, or press ? or * to list all spells.
You can't see any susceptible monsters within range! (Use Z to cast anyway.) Unknown command.
Casting: Sandblast (safe; 4% risk of failure)
Confirm with . or Enter, or press ? or * to list all spells.
Aiming: Sandblast (safe; 4% risk of failure)
Press: ? - help, Shift-Dir - straight line, f/p - goblin
Aim: a goblin, wielding a +0 dagger, wearing a +0 chain mail and quivering stones (moderately wounded, 79% to hit)
The blast of sand hits the goblin but does no damage. ๐Ÿ˜ฑ MP[-1]
You lost 1 mp, and now have 3/5 mp.
Casting: Sandblast (safe; 4% risk of failure)
Confirm with . or Enter, or press ? or * to list all spells.
Aiming: Sandblast (safe; 4% risk of failure)
Press: ? - help, Shift-Dir - straight line, f/p - goblin
Aim: a goblin, wielding a +0 dagger, wearing a +0 chain mail and quivering stones (moderately wounded, 79% to hit)
The blast of sand hits the goblin but does no damage.
The goblin throws a stone.
The stone barely misses you. ๐Ÿ˜ฑ MP[-1]
You lost 1 mp, and now have 2/5 mp.
Casting: Sandblast (safe; 4% risk of failure)
Confirm with . or Enter, or press ? or * to list all spells.
Aiming: Sandblast (safe; 4% risk of failure)
Press: ? - help, Shift-Dir - straight line, f/p - goblin
Aim: a goblin, wielding a +0 dagger, wearing a +0 chain mail and quivering stones (moderately wounded, 79% to hit)
The blast of sand hits the goblin but does no damage. ๐Ÿ˜ฑ MP[-1]
You lost 1 mp, and now have 1/5 mp.
You closely miss the goblin. The goblin barely misses you.
You barely miss the goblin. The goblin hits you but does no damage.
You barely miss the goblin.
The goblin hits you but does no damage. ๐Ÿ˜ฑ MP[+1]
The goblin throws a stone.
The stone barely misses you. ๐Ÿ˜ฑ HP[+1]
You barely miss the goblin. The goblin barely misses you.
You hit the goblin but do no damage. The goblin closely misses you.
You hit the goblin. The goblin hits you but does no damage.
You hit the goblin.
The goblin hits you but does no damage. ๐Ÿ˜ฑ MP[+1]
You hit the goblin but do no damage. The goblin hits you with a +0 dagger.
* * * LOW HITPOINT WARNING * * *
๐Ÿ˜ฑ HP[-1]
You take 1 damage, and now have 3/16 hp.
Unknown command.
The goblin throws a stone.
The stone closely misses you.
The goblin throws a stone.
The stone hits you but does no damage.
The goblin throws a stone.
The stone hits you but does no damage.
You hit the goblin but do no damage. The goblin closely misses you.
You barely miss the goblin. The goblin hits you but does no damage.
You hit the goblin but do no damage. The goblin hits you with a +0 dagger.
* * * LOW HITPOINT WARNING * * *
๐Ÿ˜ฑ HP[-2]
You take 2 damage, and now have 1/16 hp.
Unknown command.
The goblin throws a stone.
The stone barely misses you. ๐Ÿ˜ฑ MP[+1]
The goblin throws a stone.
The stone hits you but does no damage.
The goblin throws a stone.
The stone misses you.
The goblin throws a stone.
The stone hits you.
You die...

Skill      XL: |  1 |
---------------+----+-----
Transmutations | 1 |  1.1
Fighting       | |  0.9
Dodging        | |  1.5
Stealth        | |  2.1
Spellcasting   | |  2.2
Earth Magic    | |  3.8

Action                   || total
-------------------------++-------
Melee: Dagger            ||    33
       Unarmed           ||     2
       Punch             ||     1
 Cast: Sandblast         ||    17
 Stab: Sleeping          ||     1
Armor: Robe              ||    20
Dodge: Dodged            ||    34

Levels and vault maps discovered:
D:1:      dpeg_arrival_solitude, layout_basic

Notes
Turn   | Place    | Note
-------+----------+-------------------------------------------
     0 | D:1      | KyoPewz the Gargoyle Earth Elementalist began the quest for
                  | the Orb.
     0 | D:1      | Reached XP level 1. HP: 10/10 MP: 3/3
     0 | D:1      | magus.rc [v1.9.6]
   194 | D:1      | Reached skill level 1 in Transmutations
   194 | D:1      | Reached XP level 2. HP: 16/16 MP: 3/5
   388 | D:1      | HP: 3/16 [goblin (2)]
   417 | D:1      | HP: 3/16 [goblin/stone (1)]
   446 | D:1      | HP: 3/16 [goblin (1)]
   455 | D:1      | HP: 1/16 [goblin (3)]
   463 | D:1      | Hit by a stone thrown by a goblin

Vanquished Creatures
  2 dart slugs (D:1)
  2 endoplasms (D:1)
  3 goblins (D:1)
  A bat (D:1)
  A frilled lizard (D:1)
9 creatures vanquished.

Table legend:
 A = Non-vault XP
 B = Vault XP
 C = Vault XP percentage of total XP
 D = Non-vault monster count
 E = Vault monster count
 F = Vault count percentage of total count
                 A         B        C        D         E       F
            +---------+---------+-------+---------+---------+-------
      Total |      20 |       0 |   0.0 |       9 |       0 |   0.0
            +---------+---------+-------+---------+---------+-------
        D:1 |      20 |       0 |   0.0 |       9 |       0 |   0.0
            +---------+---------+-------+---------+---------+-------

Illustrated notes

Table legend:
 A = Kills in this place as a percentage of kills in entire the game.
 B = Kills by you in this place as a percentage of kills by you in the entire game.
 C = Kills by friends in this place as a percentage of kills by friends in the entire game.
 D = Other kills in this place as a percentage of other kills in the entire game.
 E = Experience gained in this place as a percentage of experience gained in the entire game.
 F = Experience gained in this place divided by the number of levels of this place that you have seen.
                   A       B       C       D       E      F
               +-------+-------+-------+-------+-------+----------------------
         Total | 100.0 | 100.0 |   N/A |   N/A | 100.0 |  20.0
       Dungeon | 100.0 | 100.0 |   N/A |   N/A | 100.0 |  20.0
               +-------+-------+-------+-------+-------+----------------------

Table legend: (Time is in decaauts)
 A = Elapsed time spent in this place.
 B = Non-inter-level travel time spent in this place.
 C = Inter-level travel time spent in this place.
 D = Time resting spent in this place.
 E = Time spent auto-exploring this place.
 F = Levels seen in this place.
 G = Mean time per level.
                   A        B        C        D        E       F      G
               +--------+--------+--------+--------+--------+-----+--------+
         Total |    462 |    462 |      0 |      0 |    252 |   1 |  462.0 |
       Dungeon |    462 |    462 |      0 |      0 |    252 |   1 |  462.0 |
               +--------+--------+--------+--------+--------+-----+--------+

Top non-repeatable levels by time:
     D:1: 462 daAuts
